 Dungeon Crawl Stone Soup version 0.29-a0-553-g81b289dbe5 (webtiles) character file.

Game seed: 18279091001119653317

30 spaghetti the Covert (level 3, 0/35 HPs)
             Began as a Gnoll Delver on June 6, 2022.
             Slain by a gnoll
             ... wielding a +0 whip
              (8 damage)
             ... on level 6 of the Dungeon.
             The game lasted 00:00:54 (274 turns).

spaghetti the Covert (Gnoll Delver)                  Turns: 274, Time: 00:00:55

Health: 0/35       AC:  3    Str: 11    XL:     3   Next: 18%
Magic:  3/3        EV: 13    Int:  9    God:
Gold:   0          SH:  0    Dex: 15    Spells: 3/3 levels left

rFire   . . .      SeeInvis .   a - +0 short sword {short}
rCold   . . .      Faith    .   (no shield)
rNeg    . . .      Spirit   .   b - +0 leather armour
rPois   .          Reflect  .   (no helmet)
rElec   .          Harm     .   (no cloak)
rCorr   .          Rampage  .   (no gloves)
Will    .....                   (no boots)
Stlth   ++++......              (no amulet)
HPRegen 0.11/turn               (no ring)
MPRegen 0.08/turn               (no ring)

@: no status effects
A: fangs 1, strong nose, distributed training
a: no special abilities


You were on level 6 of the Dungeon.
You visited 1 branch of the dungeon, and saw 3 of its levels.


Innate Abilities, Weirdness & Mutations

You have very sharp teeth.
Your uncanny sense of smell can sniff out nearby items.
Your experience applies equally to all skills.


   Skills:
 + Level 6.5 Fighting
 + Level 4.5 Short Blades
 + Level 0.6 Long Blades
 + Level 0.6 Axes
 + Level 0.6 Maces & Flails
 + Level 0.6 Polearms
 + Level 0.6 Staves
 + Level 0.6 Slings
 + Level 0.6 Bows
 + Level 0.6 Crossbows
 + Level 0.6 Throwing
 + Level 0.6 Armour
 + Level 4.5 Dodging
 + Level 9.5 Stealth
 + Level 0.6 Shields
 + Level 0.6 Unarmed Combat
 + Level 0.6 Spellcasting
 + Level 0.4 Conjurations
 + Level 0.4 Hexes
 + Level 0.4 Summonings
 + Level 0.4 Necromancy
 + Level 0.4 Translocations
 + Level 0.4 Transmutations
 + Level 0.4 Fire Magic
 + Level 0.4 Ice Magic
 + Level 0.4 Air Magic
 + Level 0.4 Earth Magic
 + Level 0.4 Poison Magic
 + Level 0.8 Invocations
 + Level 0.6 Evocations


You had 3 spell levels left.
You didn't know any spells.
Your spell library was empty.

Inventory:

Hand Weapons
 a - a +0 short sword (weapon) {short}
Armour
 b - a +0 leather armour (worn)
Wands
 g - a wand of digging (3)
Scrolls
 c - a scroll of fog
 d - a scroll of magic mapping {!r}

Dungeon Overview and Level Annotations

Branches:
Dungeon (7/15)
 Temple: D:4-7

Altars:

##..##
#..#....
##..####g...#
##......g..##
##..####...##
....## #..##
####. ##..#
#.####...#
####..#.g####
#@###..###
##gg>.##
##g...#
#....#
#[..#....
..#####..#
##. .)# #
...# ....


You could see 3 gnolls.


Message History

You feel yourself speed up.
The orc priest pleads, "Please don't kill me!"
Unknown command.
You climb upwards.
Reactivating autopickup.
The gnoll hits you with a +0 club.
* * * LOW HITPOINT WARNING * * *
The gnoll hits you with a +0 flail.
* * * LOW HITPOINT WARNING * * *
There is a stone staircase leading down, spattered with blood here. 😱 HP[-10]
You take 10 damage, and now have 3/35 hp.
MASSIVE DAMAGE!! (PAUSE) Unknown command.
Unknown command.
A gnoll comes into view. It is wielding a +0 whip.
Found a stone staircase leading down. 😱 HP[+1]
There is a stone staircase leading down here.
You climb downwards.
You hear the roar of battle.
There is an entrance to a bailey on this level.
Hurry and find it before the portal closes forever!
There is a stone staircase leading up here.
Unknown command.
Unknown command.
Unknown command.
You start resting.
Your extra speed is starting to run out. 😱 HP[+2]
You regained 2 hp, and now have 6/35 hp.
Unknown command.
Unknown command.
You start resting.
You feel yourself slow down. 😱 HP[+1] Unknown command.
You start resting.
You hear the faint creaking of a portcullis very nearby.
Unknown command.
Unknown command.
You start resting.
You hear the faint creaking of a portcullis very nearby. 😨 HP[+6]
You regained 6 hp, and now have 13/35 hp.
Unknown command.
You start resting.
You hear the faint creaking of a portcullis very nearby. 😮 HP[+6]
You regained 6 hp, and now have 19/35 hp.
Unknown command.
Unknown command.
You start resting.
You hear the faint creaking of a portcullis very nearby. 😮 HP[+5]
You regained 5 hp, and now have 24/35 hp.
Unknown command.
Unknown command.
You start resting.
An ice beast comes into view. 😮 HP[+2]
You regained 2 hp, and now have 26/35 hp.
Unknown command.
Unknown command.
You climb upwards.
There is a stone staircase leading down here.
Unknown command.
Unknown command.
Okay, then.
You aren't carrying any potions.
Okay, then.
You hit the gnoll but do no damage. The gnoll misses you.
You closely miss the gnoll. You barely miss the gnoll.
The gnoll hits you with a +0 whip!
* * * LOW HITPOINT WARNING * * *
😨 HP[-9]
You take 9 damage, and now have 17/35 hp.
MASSIVE DAMAGE!! (PAUSE) Unknown command.
You closely miss the gnoll.
The gnoll hits you but does no damage. 😮 HP[+1]
You hit the gnoll but do no damage. The gnoll hits you with a +0 whip.
* * * LOW HITPOINT WARNING * * *
😨 HP[-5]
You take 5 damage, and now have 13/35 hp.
Unknown command.
Unknown command.
You aren't carrying any potions.
Unknown command.
Okay, then.
You hit the gnoll but do no damage. The gnoll hits you with a +0 whip.
* * * LOW HITPOINT WARNING * * *
😱 HP[-5]
You take 5 damage, and now have 8/35 hp.
You hit the gnoll but do no damage. The gnoll barely misses you.
Unknown command.
Unknown command.
You hit the gnoll. The gnoll closely misses you.
You completely miss the gnoll. Your bite misses the gnoll.
The gnoll hits you with a +0 whip!
You die...

Skill      XL: | |
---------------+-+-----
Stealth        | |  9.5
Fighting       | |  6.5
Short Blades   | |  4.5
Long Blades    | |  0.6
Axes           | |  0.6
Maces & Flails | |  0.6
Polearms       | |  0.6
Staves         | |  0.6
Slings         | |  0.6
Bows           | |  0.6
Crossbows      | |  0.6
Throwing       | |  0.6
Armour         | |  0.6
Dodging        | |  4.5
Shields        | |  0.6
Unarmed Combat | |  0.6
Spellcasting   | |  0.6
Conjurations   | |  0.4
Hexes          | |  0.4
Summonings     | |  0.4
Necromancy     | |  0.4
Translocations | |  0.4
Transmutations | |  0.4
Fire Magic     | |  0.4
Ice Magic      | |  0.4
Air Magic      | |  0.4
Earth Magic    | |  0.4
Poison Magic   | |  0.4
Invocations    | |  0.8
Evocations     | |  0.6

Action                   || total
-------------------------++-------
Melee: Short sword       ||    10
  Use: Scroll            ||     1
       Potion            ||     1
 Stab: Sleeping          ||     1
Armor: Leather armour    ||     1
Dodge: Dodged            ||     5

Levels and vault maps discovered:
D:5:      layout_basic, minmay_temple_entry_mini_moons,
          chequers_serial_rivers_micro_d, minmay_diced_spiral, uniq_edmund
D:6:      layout_layer_cave, minmay_misc_feat_iff,
          chequers_serial_rivers_micro_a, uniq_blork_the_orc, uniq_grinder,
          uniq_duvessa
D:7:      layout_basic, zin_purify, enter_bailey_3

Notes
Turn   | Place    | Note
-------+----------+-------------------------------------------
     0 | D:5      | Reached skill level 9 in Stealth
     0 | D:5      | spaghetti the Gnoll Delver began the quest for the Orb.
     0 | D:5      | Reached XP level 1. HP: 23/23 MP: 1/1
     0 | D:5      | magus.rc [v1.9.6]
     1 | D:5      | Noticed an iguana
     4 | D:5      | Noticed an iguana
    26 | D:7      | Noticed an orc priest
    26 | D:7      | Noticed an orc priest
    26 | D:7      | Noticed an orc priest
    26 | D:7      | Noticed an orc wizard
    27 | D:7      | Killed an orc priest
    28 | D:7      | Reached XP level 2. HP: 11/29 MP: 2/2
    28 | D:7      | Reached XP level 3. HP: 13/35 MP: 3/3
    28 | D:7      | Noticed a scorpion
    34 | D:6      | HP: 3/35 [gnoll/+0 flail (6)]
   260 | D:7      | Noticed an ice beast
   271 | D:6      | HP: 8/35 [gnoll/+0 whip (5)]
   274 | D:6      | Slain by a gnoll

Vanquished Creatures
  An orc priest (D:7)
1 creature vanquished.

Table legend:
 A = Non-vault XP
 B = Vault XP
 C = Vault XP percentage of total XP
 D = Non-vault monster count
 E = Vault monster count
 F = Vault count percentage of total count
                 A         B        C        D         E       F
            +---------+---------+-------+---------+---------+-------
      Total |      43 |       0 |   0.0 |       1 |       0 |   0.0
            +---------+---------+-------+---------+---------+-------
        D:7 |      43 |       0 |   0.0 |       1 |       0 |   0.0
            +---------+---------+-------+---------+---------+-------

Illustrated notes

Table legend:
 A = Kills in this place as a percentage of kills in entire the game.
 B = Kills by you in this place as a percentage of kills by you in the entire game.
 C = Kills by friends in this place as a percentage of kills by friends in the entire game.
 D = Other kills in this place as a percentage of other kills in the entire game.
 E = Experience gained in this place as a percentage of experience gained in the entire game.
 F = Experience gained in this place divided by the number of levels of this place that you have seen.
                   A       B       C       D       E      F
               +-------+-------+-------+-------+-------+----------------------
         Total | 100.0 | 100.0 |   N/A |   N/A | 100.0 |  14.3
       Dungeon | 100.0 | 100.0 |   N/A |   N/A | 100.0 |  14.3
               +-------+-------+-------+-------+-------+----------------------

Table legend: (Time is in decaauts)
 A = Elapsed time spent in this place.
 B = Non-inter-level travel time spent in this place.
 C = Inter-level travel time spent in this place.
 D = Time resting spent in this place.
 E = Time spent auto-exploring this place.
 F = Levels seen in this place.
 G = Mean time per level.
                   A        B        C        D        E       F      G
               +--------+--------+--------+--------+--------+-----+--------+
         Total |    254 |    254 |      0 |    197 |      1 |   3 |   84.7 |
       Dungeon |    254 |    254 |      0 |    197 |      1 |   3 |   84.7 |
               +--------+--------+--------+--------+--------+-----+--------+

Top non-repeatable levels by time:
     D:7: 204 daAuts
     D:6: 42 daAuts
     D:5: 7 daAuts
